 Dungeon Crawl Stone Soup version 0.26.1-11-gd32895ea62 (webtiles) character file.

Game seed: 2776103638127445606

607 Zeld the Chucker (level 7, -4/45 HPs)
             Began as an Octopode Brigand on May 13, 2021.
             Slain by a centaur
             ... wielding a +0 flail
              (12 damage)
             ... on level 5 of the Dungeon.
             The game lasted 00:06:20 (8021 turns).

Zeld the Chucker (Octopode Brigand)                 Turns: 8021, Time: 00:06:20

Health: -4/45      AC:  1    Str: 12    XL:     7   Next: 43%
Magic:  7/7        EV: 13    Int: 14    God:
Gold:   222        SH:  0    Dex: 13    Spells: 6/6 levels left

rFire    . . .     SeeInvis .   a - +2 dagger
rCold    . . .     Faith    .   (no shield)
rNeg     . . .     Spirit   .   (helmet restricted)
rPois    .         Reflect  .   (no amulet)
rElec    .         Harm     .   (no ring)
rCorr    .         Rampage  .   (no ring)
Will     .....                  (no ring)
Stlth    ++++......             (no ring)
HPRegen  0.15/turn              (no ring)
MPRegen  0.10/turn              (no ring)
                                (no ring)
                                (no ring)

@: no status effects
A: almost no armour, stealthy swim, amphibious, 8 rings, constrict 8, camouflage
1, gelatinous body 1
a: no special abilities


You were on level 5 of the Dungeon.
You visited 1 branch of the dungeon, and saw 5 of its levels.
You also visited: Sewer.

You collected 222 gold pieces.

Inventory:

Hand Weapons
 a - a +2 dagger (weapon)
 y - a +2 dagger of venom
Missiles
 b - 23 poisoned darts (quivered)
 c - 2 curare-tipped darts
Armour
 u - a +0 buckler
Jewellery
 s - an uncursed ring of stealth {unknown}
Scrolls
 i - 2 scrolls of fog {unknown}
 j - 3 scrolls of teleportation
 m - 2 scrolls of blinking {unknown}
 p - 2 scrolls of noise {unknown}
 q - a scroll of remove curse {unknown}
 v - a scroll of enchant armour {unknown}
 w - a scroll of amnesia {unknown}
Potions
 d - 2 potions of magic {unknown}
 e - 2 potions of degeneration {unknown}
 f - a potion of brilliance {unknown}
 g - 2 potions of might {unknown}
 h - 2 potions of curing {unknown}
 k - 3 potions of flight {unknown}
 l - a potion of resistance {unknown}
 n - 2 potions of berserk rage {unknown}
 o - 4 potions of heal wounds {unknown}
 r - a potion of experience {unknown}
 t - 2 potions of ambrosia {unknown}
 x - a potion of haste {unknown}


   Skills:
 - Level 2.0 Fighting
 * Level 5.6 Short Blades
 - Level 6.0 Throwing
 - Level 1.0 Dodging
 - Level 5.3 Stealth


You had 6 spell levels left.
You didn't know any spells.
Your spell library was empty.

Dungeon Overview and Level Annotations

Branches:
Dungeon (5/15)              Sewer (visited)
 Temple: D:4-7

Altars:
Dithmenos
Makhleb
Okawaru
Qazlal
Trog
Vehumet
Xom


Innate Abilities, Weirdness & Mutations

You cannot wear most types of armour.
You are very stealthy in the water. (Stealth+)
You are amphibious.
You can wear up to eight rings at the same time.
You can use your tentacles to constrict eight enemies at once.
Your skin changes colour to match your surroundings (Stealth+).
Your rubbery body absorbs attacks. (AC +1, EV +1)


Message History

The centaur is moderately wounded.
The centaur hits you with a +0 flail!
You are too injured to fight recklessly!
You are too injured to fight recklessly!
You are too injured to fight recklessly!
You hit the centaur. You squeeze the centaur!
The centaur is severely wounded.
The centaur hits you with a +0 flail.
You hit the centaur but do no damage.
The centaur is severely wounded.
The centaur hits you with a +0 flail!
* * * LOW HITPOINT WARNING * * *
You hit the centaur. You squeeze the centaur.
The centaur is almost dead.
The centaur hits you with a +0 flail.
* * * LOW HITPOINT WARNING * * *
You hit the centaur but do no damage.
The centaur is almost dead.
The centaur hits you with a +0 flail!
You die...

#.# .. .# #.#.........
.. #.#......... .#
#.#......... ..
#.#.........##.
#.#.........#
#######.#.........##.
##.....#.....(.....##.
#....@(............##.
#....c.................
#...............####...
#(..............# #...
#............>$.# #...
#...............# #...
#...............####...
##......$......##......
.....#.........##...


You could see a centaur.

Vanquished Creatures
  An ogre (D:4)
  A big kobold (Sewer)
  A centaur zombie (D:5)
  4 orc wizards
  2 orc priests
  2 worker ants (D:4)
  A howler monkey skeleton (D:5)
  6 adders
  A river rat (Sewer)
  A white imp (D:5)
  4 oozes (Sewer)
  2 worms (D:2)
  5 dart slugs
  5 leopard geckos
  7 orcs
  8 ball pythons
  8 bats
  2 giant cockroaches (D:4)
  2 goblins
  4 hobgoblins
  2 jackals (D:1)
  A quokka (D:4)
  A ball python skeleton (D:4)
  2 frilled lizards (D:1)
  10 kobolds
  A leopard gecko zombie (D:5)
  14 rats
98 creatures vanquished.

Notes
Turn   | Place    | Note
-------+----------+-------------------------------------------
     0 | D:1      | Zeld the Octopode Brigand began the quest for the Orb.
     0 | D:1      | Reached XP level 1. HP: 14/14 MP: 1/1
    68 | D:1      | Reached XP level 2. HP: 10/19 MP: 2/2
   347 | D:1      | Reached skill level 3 in Throwing
   374 | D:1      | Found an iron altar of Okawaru.
   481 | D:1      | Reached XP level 3. HP: 16/24 MP: 3/3
  1555 | D:2      | Found a stormy altar of Qazlal.
  1555 | D:2      | Found a bloodstained altar of Trog.
  1563 | D:2      | Found a shadowy altar of Dithmenos.
  1565 | D:2      | Found a radiant altar of Vehumet.
  1567 | D:2      | Found a faded altar of an unknown god.
  1975 | D:2      | Found a shimmering altar of Xom.
  1992 | D:2      | Found a shimmering altar of Xom.
  2141 | D:3      | Found a burning altar of Makhleb.
  2178 | D:4      | Reached skill level 4 in Throwing
  2200 | D:4      | Found a glowing drain.
  2207 | Sewer    | Entered a sewer
  2249 | Sewer    | Reached XP level 4. HP: 29/29 MP: 4/4
  2705 | Sewer    | Reached skill level 5 in Throwing
  2722 | Sewer    | Noticed a big kobold
  2735 | Sewer    | Killed a big kobold
  2736 | Sewer    | Reached XP level 5. HP: 15/34 MP: 5/5
  3227 | D:3      | Reached skill level 6 in Throwing
  3346 | D:3      | Reached XP level 6. HP: 39/39 MP: 6/6
  4275 | D:5      | Entered Level 5 of the Dungeon
  5106 | D:5      | Noticed a wyvern
  6070 | D:4      | Reached XP level 7. HP: 26/45 MP: 7/7
  6591 | D:4      | Reached skill level 5 in Short Blades
  8021 | D:5      | Slain by a centaur

Illustrated notes

Levels and vault maps discovered:
D:1:      minmay_arrival_checkered_box, layout_loops_ring,
          okawaru_ov_weapons_minmay
D:2:      layout_basic, chequers_temple_overflow_minitemple, xom_redecorated
D:3:      layout_rooms, nicolae_overflow_hidden_temple
D:4:      layout_basic, portal_sewer_entry_e
D:5:      layout_rooms, chequers_serial_rivers_small_b

Skill      XL: |  1  2  3  4  5  6  7 |
---------------+----------------------+-----
Throwing       | 3 4 5 6 |  6.0
Short Blades   | 4 5 |  5.6
Fighting       | |  2.0
Dodging        | |  1.0
Stealth        | |  5.3

Action                   |  1- 3 |  4- 6 |  7- 9 || total
-------------------------+-------+-------+-------++-------
Melee: Dagger            |    69 |   115 |    51 ||   235
       Constrict         |    23 |    24 |     8 ||    55
       Tentacles         |    18 |    27 |     8 ||    53
Throw: Dart              |       |     3 |     4 ||     7
  Use: Scroll            |     4 |     2 |     1 ||     7
 Stab: Sleeping          |    11 |    13 |       ||    24
Armor: Skin              |     4 |     5 |     2 ||    11
Dodge: Dodged            |    38 |    73 |    23 ||   134
